 Dungeon Crawl Stone Soup version 0.21.1-1-g345015f (webtiles) character file.

52 Iko the Insei (level 3, 0/23 HPs)
             Began as a Tengu Chaos Knight on June 8, 2018.
             Was a Believer of Cheibriados.
             Slain by an orc
             ... wielding a +0 flail
              (3 damage)
             ... on level 4 of the Dungeon.
             The game lasted 00:04:10 (405 turns).

Iko the Insei (Tengu Chaos Knight)                   Turns: 405, Time: 00:04:11

Health: 0/23       AC:  6    Str: 17    XL:     3   Next: 85%
Magic:  1/4        EV: 11    Int: 16    God:    Cheibriados [**....]
Gold:   40         SH:  0    Dex: 17    Spells: 2/2 levels left

rFire    + . .     SeeInvis .   f - +7 club
rCold    . . .     Gourm    .   (no shield)
rNeg     . . .     Faith    .   a - +2 leather armour
rPois    .         Spirit   .   (helmet restricted)
rElec    .         Reflect  .   d - +0 cloak
rCorr    .         Harm     .   (no gloves)
MR       .....                  (boots unavailable)
Stlth    +.........             (no amulet)
HPRegen  0.47/turn              e - -2 ring of protection (curse)
MPRegen  0.09/turn              (no ring)

@: very slow
A: beak, talons 3, yellow scales 1, fire resistance 1, regeneration 1
a: Bend Time, Renounce Religion


You were on level 4 of the Dungeon.
You worshipped Cheibriados.
Cheibriados was pleased with you.
You were not hungry.

You visited 1 branch of the dungeon, and saw 4 of its levels.

You collected 40 gold pieces.

Inventory:

Hand Weapons
 f - a +7 club (weapon)
Armour
 a - a +2 leather armour (worn)
 d - a +0 cloak (worn)
Jewellery
 e - a cursed -2 ring of protection (left hand)
Comestibles
 b - 2 rations


   Skills:
 + Level 3.6 Fighting
 + Level 0.8 Maces & Flails
 + Level 2.9 Armour
 + Level 1.1 Dodging
 + Level 3.9 Unarmed Combat


You had 2 spell levels left.
You didn't know any spells.

Dungeon Overview and Level Annotations

Branches:
Dungeon (4/15)
 Temple: D:4-7

Altars:
Cheibriados
Wu Jian


Innate Abilities, Weirdness & Mutations

You have a beak for a mouth.
You have claws for feet.
You are partially covered in yellow scales. (AC +2)
Your flesh is heat resistant. (rF+)
Your natural rate of healing is unusually fast.


Message History

The gnoll closely misses you. The gnoll hits you with a whip.
* * * LOW HITPOINT WARNING * * *
The gnoll barely misses you. The flow of time bends around you.
Cheibriados rebukes the gnoll.
The gnoll seems to slow down.
You feel slightly more hungry.
The gnoll barely misses you. x2; The gnoll misses you.
You hit the gnoll. Your kick misses the gnoll. You peck the gnoll.
The gnoll is almost dead.
The gnoll hits you but does no damage. x2; The gnoll closely misses you.
You hit the gnoll.
You kill the gnoll!
The gnoll closely misses you.
The gnoll hits you from afar with a halberd.
* * * LOW HITPOINT WARNING * * *
The orc misses you.
You barely miss the orc. Your kick misses the orc.
The gnoll barely misses you. x2
The gnoll hits you but does no damage. The orc hits you with a flail.
You die...
Xom titters!

#.# ## #.# ..
#####.### .#
.?..(...# .#
##....##.####
#...).()....#
##gg.###.##.._.
##o## ... # #@#
..... #.#
.##.... #+# .#
.### .# # ..


You could see 2 gnolls and an orc.

Vanquished Creatures
  Robin (D:3)
  2 gnolls (D:4)
  A worm (D:2)
  2 orcs (D:4)
  6 goblins
  2 hobgoblins (D:3)
  A ball python (D:4)
  2 bats (D:2)
  A rat (D:3)
18 creatures vanquished.

Notes
Turn   | Place    | Note
-------+----------+-------------------------------------------
     0 | D:1      | Iko the Tengu Chaos Knight began the quest for the Orb.
     0 | D:1      | Reached XP level 1. HP: 14/14 MP: 2/2
    53 | D:2      | Found a faded altar of an unknown god.
    84 | D:2      | Fell from the grace of Xom
    84 | D:2      | Became a worshipper of Cheibriados the Contemplative
    84 | D:2      | Reached * piety under Cheibriados
   203 | D:2      | Gained mutation: You are partially covered in yellow scales. (AC +2) [potion of mutation]
   203 | D:2      | Gained mutation: Your flesh is heat resistant. (rF+) [potion of mutation]
   203 | D:2      | Gained mutation: Your natural rate of healing is unusually fast. [potion of mutation]
   330 | D:3      | Reached XP level 2. HP: 19/19 MP: 3/3
   353 | D:3      | Noticed Robin
   363 | D:3      | Killed Robin
   363 | D:3      | Reached XP level 3. HP: 13/23 MP: 4/4
   384 | D:4      | Found an ornate altar of the Wu Jian Council.
   395 | D:4      | Reached ** piety under Cheibriados
   405 | D:4      | Slain by an orc

Action                   || total
-------------------------++-------
Melee: Mace              ||    28
       Peck              ||    10
       Kick              ||     9
       Punch             ||     2
       Club              ||    15
Invok: Bend Time         ||     1
  Use: Potion            ||     3
Armor: Leather armour    ||    10
Dodge: Dodged            ||    30
